 Dungeon Crawl Stone Soup version 0.27-a0-1322-gfdffb62a71 (webtiles) character file.

Game seed: 17321216746210246270

163 lunkers the Magician (level 5, -1/58 HPs)
             Began as a Djinni Fire Elementalist on June 22, 2021.
             Slain by an orc (5 damage)
             ... on level 3 of the Dungeon.
             The game lasted 00:05:04 (3414 turns).

lunkers the Magician (Djinni Fire Elementalist)     Turns: 3414, Time: 00:05:05

Health: -1/58      AC: 22    Str:  7    XL:     5   Next: 72%
Gold:   60         EV:  2    Int: 17    God:
                   SH:  0    Dex: 14

rFire    . . .     SeeInvis .   i - +4 dagger
rCold    . . .     Faith    .   (no shield)
rNeg     + + +     Spirit   .   (armour currently unavailable)
rPois    ∞         Reflect  .   (helmet currently unavailable)
rElec    .         Harm     .   (cloak currently unavailable)
rCorr    .         Rampage  .   (gloves currently unavailable)
Will     .....     NoTele   +   (boots unavailable)
Stlth    ++........             (no amulet)
HPRegen  0.19/turn              (no ring)
MPRegen  0.00/turn              (no ring)

@: tree-form (expiring)
A: stationary, stasis, torment immunity, boosted hp, sickness immunity, (fire
resistance 2), (cold vulnerability 1), float, innate caster, hp casting, extra
vitality 1
a: no special abilities


You were on level 3 of the Dungeon.
You were a tree.
You visited 1 branch of the dungeon, and saw 3 of its levels.

You collected 60 gold pieces.

Inventory:

Hand Weapons
 i - a +4 dagger (weapon)
Armour
 a - a +0 robe (melded)
Magical Staves
 f - a staff of air
Jewellery
 c - an amulet of faith
Wands
 j - a wand of iceblast (7)
Scrolls
 b - a scroll of fog {unknown}
 d - 2 scrolls of identify {unknown}
 e - a scroll of magic mapping {unknown}
 h - 2 scrolls of enchant armour {unknown}
 l - a scroll of enchant weapon {unknown}
 m - a scroll of amnesia {unknown}
 n - a scroll of teleportation {unknown}
Potions
 k - a potion of flight


   Skills:
 + Level 2.6 Fighting
 - Level 2.1 Dodging
 - Level 1.5 Stealth
 * Level 4.0 Spellcasting


You couldn't memorise any spells.
You knew the following spells:

 Your Spells              Type           Power      Damage    Failure   Level
a - Foxfire               Conj/Fire      68%        2x1d7     3%          1
b - Conjure Flame         Conj/Fire      17%        6-21      9%          3
c - Inner Flame           Hex/Fire       17%        N/A       9%          3
d - Sticky Flame          Conj/Fire      17%        2d4       30%         4
e - Fireball              Conj/Fire      8%         3d6       63%         5
f - Apportation           Tloc           34%        N/A       3%          1
g - Blink                 Tloc           N/A        N/A       4%          2
Your spell library was empty.

Dungeon Overview and Level Annotations

Branches:
Dungeon (3/15)

Altars:


Innate Abilities, Weirdness & Mutations

You are a tree.
Your roots penetrate the ground, keeping you stationary.
You cannot be teleported.
You are immune to unholy pain and torment.
Your maximum health is greatly increased.
Your equipment is partially melded.
You are immune to sickness and miasma.
You are immune to poison.
((Your flesh is very heat resistant. (rF++)))
((You are vulnerable to cold. (rC-)))
You float through the air rather than walking.
You learn spells naturally, not from books.
Your magical power is your life essence.
You have superior vitality. (+4 HP)


Message History

Reactivating autopickup.
You feel a bit more experienced.
You feel less confused.
You hear some strange, mumbled words.
Deactivating autopickup; reactivate with Ctrl-A.
You are confused.
There's something in the way.
There's something in the way.
There's something in the way.
There's something in the way.
You swing at nothing.
You miss something. Something hits you.
* * * LOW HITPOINT WARNING * * *
You cannot move. (Use ctrl+direction or * direction to attack without moving.)
You cannot move. (Use ctrl+direction or * direction to attack without moving.) There's something in the way.
You nearly hit yourself!
Something hits you but does no damage.
You closely miss something.
An orc wizard appears from thin air!
Reactivating autopickup.
The orc wizard hits you but does no damage.
You hit the orc wizard but do no damage.
The orc wizard is heavily wounded.
The orc wizard hits you but does no damage.
You closely miss the orc wizard.
The orc wizard is heavily wounded.
The orc wizard gestures at you while chanting.
The magic dart hits you but does no damage.
There's something in the way.
There's something in the way.
You hit the orc wizard.
The orc wizard is almost dead.
Your transformation is almost over.
You feel less confused.
The orc wizard hits you but does no damage.
You hit the orc wizard.
You kill the orc wizard!
Your Spellcasting skill increases to level 4!
You hit the orc.
The orc is heavily wounded.
The orc hits you with a +0 flail.
You die...

#.# ...........#o
#.# #####...##o #.#
### #.### # #.# #.#
#.# #.# #.# #.#
#.#####.# #o#
#.......# #.#
#...###.###########
#.# #.#.#
#.....♣oo...#####.#
#.#.#
###########.......#
#.#.# #############
#.#.# #....... #.#.#
#.###### #.#.# #.# #
#.#.# #.# ## #.#.#
############.#####.
#.#.#
##..................


You could see 2 orcs.

Vanquished Creatures
  A hound (D:3)
  2 orc wizards (D:3)
  2 adders (D:3)
  2 worms
  4 dart slugs
  5 endoplasms
  3 giant cockroaches
  4 goblins
  4 hobgoblins
  4 jackals
  A quokka (D:1)
  6 ball pythons
  7 bats
  A frilled lizard (D:1)
  4 kobolds
  3 rats
53 creatures vanquished.

Vanquished Creatures (others)
  197 foxfires
197 creatures vanquished.

Grand Total: 250 creatures vanquished

Notes
Turn   | Place    | Note
-------+----------+-------------------------------------------
     0 | D:1      | lunkers the Djinni Fire Elementalist began the quest for
                  | the Orb.
     0 | D:1      | Reached XP level 1. HP: 15/15 MP: 0/0
   373 | D:1      | Reached XP level 2. HP: 17/22 MP: 0/0
   757 | D:1      | Reached skill level 1 in Fighting
   828 | D:1      | Reached skill level 3 in Spellcasting
   828 | D:1      | Reached XP level 3. HP: 22/27 MP: 0/0
   828 | D:1      | Learned a level 1 spell: Apportation
  1951 | D:2      | Found a faded altar of an unknown god.
  2309 | D:2      | Reached XP level 4. HP: 31/32 MP: 0/0
  3056 | D:3      | Reached XP level 5. HP: 36/38 MP: 0/0
  3056 | D:3      | Learned a level 2 spell: Blink
  3400 | D:3      | HP: 2/57 [orc wizard (2)]
  3414 | D:3      | Reached skill level 4 in Spellcasting
  3414 | D:3      | Slain by an orc

Illustrated notes

Levels and vault maps discovered:
D:1:      psy_arrival_basics, layout_basic, due_unseen_surprise
D:2:      layout_loops_cross, ebering_ecumenical_altar_rust
D:3:      layout_loops_ring, gammafunk_ghost_cemetery, solitary_fountain

Skill      XL: |  1  2  3  4  5 |
---------------+----------------+-----
Fighting       | 1 2 |  2.6
Spellcasting   | 3 4 |  4.0
Dodging        | |  2.1
Stealth        | |  1.5

Action                   |  1- 3 |  4- 6 || total
-------------------------+-------+-------++-------
Melee: Unarmed           |     2 |       ||     2
       Dagger            |       |    19 ||    19
 Cast: Foxfire           |    85 |    36 ||   121
  Use: Potion            |       |     2 ||     2
 Stab: Sleeping          |       |     1 ||     1
Armor: Robe              |    10 |     4 ||    14
       Skin              |       |     9 ||     9
Dodge: Dodged            |    29 |    26 ||    55

Table legend: (Time is in decaauts)
 A = Elapsed time spent in this place.
 B = Non-inter-level travel time spent in this place.
 C = Inter-level travel time spent in this place.
 D = Time resting spent in this place.
 E = Time spent auto-exploring this place.
 F = Levels seen in this place.
 G = Mean time per level.
                   A        B        C        D        E       F      G
               +--------+--------+--------+--------+--------+-----+--------+
         Total |   3413 |   3333 |     80 |     71 |   2831 |   3 | 1137.7 |
       Dungeon |   3413 |   3333 |     80 |     71 |   2831 |   3 | 1137.7 |
               +--------+--------+--------+--------+--------+-----+--------+

Top non-repeatable levels by time:
     D:1: 1431 daAuts
     D:2: 1227 daAuts
     D:3: 754 daAuts
